Workbook

Sheet Calculo
A1: Geral da Licitação
A4: Para 12 meses
A5: FUNÇÃO | B5: FUNÇÃO | C5: CBO | D5: CCT | E5: QTDE | F5: CARGA HORÁRIA | G5: VALOR UNITARIO | H5: VALOR MENSAL | I5: VALOR ANUAL
A6: 1 | B6: INSPETOR ESCOLAR | D6: SIEMACO | E6: 2 | F6: 100HS | G6: ='Monitor escolar 20 horas'!C156 -> 3388.4875 | H6: =G6*E6 -> 6776.975 | I6: =H6*12 -> 81323.7
A7: =A6+1 -> 2 | B7: INSPETOR ESCOLAR | D7: SIEMACO | E7: 5 | F7: 150 HS | G7: ='Monitor escolar 30 horas'!C156 -> 4489.7276 | H7: =G7*E7 -> 22448.638 | I7: =H7*12 -> 269383.66
A8: =A7+1 -> 3 | B8: INSPETOR ESCOLAR | D8: SIEMACO | E8: 8 | F8: 200 HS | G8: ='Monitor escolar 40 horas'!C156 -> 6097.3818 | H8: =G8*E8 -> 48779.054 | I8: =H8*12 -> 585348.65
A9: =A8+1 -> 4 | B9: PROFISSIONAL DE APOIO ESCOLAR | D9: SIEMACO | E9: 30 | F9: 100HS | G9: ='Profissional de apoio esc 20hs'!C156 -> 3270.4672 | H9: =G9*E9 -> 98114.017 | I9: =H9*12 -> 1177368.2
A10: =A9+1 -> 5 | B10: PROFISSIONAL DE APOIO ESCOLAR | D10: SIEMACO | E10: 52 | F10: 150 HS | G10: ='Profissional de apoio Esc 30 hs'!C156 -> 4435.8601 | H10: =G10*E10 -> 230664.72 | I10: =H10*12 -> 2767976.7
A11: 6 | B11: PROFISSIONAL DE APOIO ESCOLAR | D11: SIEMACO | E11: 24 | F11: 200 HS | G11: 5936.65 | H11: =G11*E11 -> 142479.6 | I11: =H11*12 -> 1709755.2
B12: Total Geral | E12: =SUM(E6:E10) -> 97 | H12: =SUM(H6:H11) -> 549263.01 | I12: =SUM(I6:I11) -> 6591156.1

Sheet Monitor escolar 20 horas
A1: MODELO DE PLANILHA DE COMPOSIÇÃO DE CUSTOS E FORMAÇÃO DE PREÇOS
A4: Nº Processo:
A5: Licitação nº
A6: Dia ___ / ___ / _____ às ____ : ____ horas
A8: Discriminação dos Serviços (dados referentes à contratação)
A9: A | B9: Data de apresentação da proposta (dia/mês/ano)
A10: B | B10: Município/UF | C10: ITAIPULÂNDIA/PR
A11: C | B11: CCT’s-REFERÊNCIA | C11: SIEMACO/PR
A12: D | B12: Ano, Acordo, Convenção ou Sentença Normativa em Dissídio Coletivo | C12: Convenção Coletiva de Trabalho 2025/2026
A13: E | B13: Nº de meses de execução contratual | C13: 12 meses
A15: Identificação do Serviço
A16: Tipo de Serviço | B16: Categoria profissional (vinculada à execução contratual) | C16: CARGO REFERÊNCIA - CCT | D16: Quantidade (total) a contratar (em função da unidade de medida)
A17: Posto | B17: Monitor Escolar 100 hs | C17: Monitor | D17: 2
A20: Dados complementares para composição dos custos referente à mão-de-obra
A21: 1 | B21: Tipo de serviço (mesmo serviço com características distintas) | C21: =B17 -> Monitor Escolar 100 hs
A22: 2 | B22: Salário normativo da categoria profissional | C22: 1000.9
A23: 3 | B23: Categoria profissional (vinculada à execução contratual) | C23: =C17 -> Monitor
A24: 4 | B24: Data base da categoria (dia/mês/ano) | C24: 01/02/2025 a 31/01/2026
A25: 5 | B25: Quantidade | C25: =D17 -> 2
A26: Nota: Deverá ser elaborado um quadro para cada tipo de serviço.
A28: MÓDULO 1 - COMPOSIÇÃO DA REMUNERAÇÃO
A29: I | B29: Composição da Remuneração | C29: Valor (R$)
A30: A | B30: Salário Base | C30: =C22 -> 1000.9
A31: B | B31: Adicional de periculosidade | C31: 0
A32: C | B32: Adicional de insalubridade | C32: 0
A33: D | B33: Adicional noturno | C33: 0
A34: E | B34: Hora noturna adicional | C34: 0
A35: F | B35: Adicional de hora extra | C35: 0
A36: G | B36: Adicional de Intrajornada | C36: 0
A37: Total da Remuneração | C37: =C30+C31+C32+C33+C34+C35+C36 -> 1000.9
A38: INSALUBRIDADE: NR 15
A39: Anexo "14" Agentes Biológicos
A40: HORA EXTRA "Feriados" (média 7h)
A42: MÓDULO 2 - BENEFÍCIOS MENSAIS E DIÁRIOS
A43: II | B43: Benefícios Mensais e Diários | C43: Valor (R$)
A44: A | B44: Transporte | C44: 0
A45: A.1 | B45: Desconto Transporte | C45: 0
A46: B | B46: Auxílio alimentação (vales, cesta básica etc.) | C46: 805
A47: C | B47: Assistência médica e familiar | C47: 81
A48: D | B48: Auxílio Creche | C48: 0
A49: E | B49: Benefício Social Familiar | C49: 28
A50: F | B50: Fundo de Formação Profissional
A51: G | B51: Seguro de vida, invalidez e funeral
A52: H | B52: Exames Médicos adm. CLT art. 168
A53: I | B53: Outros (Assistência Odontológica) | C53: 0
A54: Total de benefícios mensais e diários | C54: =C44+C45+C46+C47+C48+C49+C50+C51+C52+C53 -> 914
A55: Nota: o valor informado deverá ser o custo real do insumo (descontado o valor eventualmente pago pelo empregado).
A59: MÓDULO 3 - INSUMOS DIVERSOS (uniformes, materiais, equipamentos e outros)
A61: III | B61: Insumos diversos | C61: Valor (R$)
A62: A | B62: Uniformes/EPI´s (3 jalecos e 1 cracha por ano) | C62: 30
A63: B | B63: Materiais/Ferramentais
A64: C | B64: Custos garantia do Cto/Seg. Resp. Civil
A65: Total de Insumos Diversos: | C65: =C62+C63+C64 -> 30
A66: Nota: Valores mensais por empregado.
A69: MÓDULO 4 - ENCARGOS SOCIAIS E TRABALHISTAS
A70: Submódulo 4.1 - Encargos previdenciários, FGTS e outras contribuições
A71: 4.1 | B71: Encargos previdenciários e FGTS | C71: % | D71: Valor (R$)
A72: A | B72: INSS | C72: 0.2 | D72: =C37*C72 -> 200.18
A73: B | B73: SESI OU SESC | C73: 0.015 | D73: =C37*C73 -> 15.0135
A74: C | B74: SENAI OU SENAC | C74: 0.01 | D74: =C37*C74 -> 10.009
A75: D | B75: INCRA | C75: 0.002 | D75: =C37*C75 -> 2.0018
A76: E | B76: Salário Educação | C76: 0.025 | D76: =C37*C76 -> 25.0225
A77: F | B77: FGTS | C77: 0.08 | D77: =C37*C77 -> 80.072
A78: G | B78: Seguro acidente do trabalho (RAT x FAP) | C78: 0.038 | D78: =C37*C78 -> 38.0342
A79: H | B79: SEBRAE | C79: 0.006 | D79: =C37*C79 -> 6.0054
A80: Total | C80: =C72+C73+C74+C75+C76+C77+C78+C79 -> 0.376 | D80: =D72+D73+D74+D75+D76+D77+D78+D79 -> 376.3384
A82: Submódulo 4.2 - 13º (décimo terceiro) Salário
A83: 4.2 | B83: 13º Salário | C83: % | D83: Valor (R$)
A84: A | B84: 13º Salário | C84: 0.0833 | D84: =C37*C84 -> 83.37497
B85: Subtotal | C85: =C84 -> 0.0833 | D85: =D84 -> 83.37497
A86: B | B86: Incidência do Submódulo 4.1 sobre 13º (décimo terceiro) Salário | C86: =C85*C80 -> 0.0313208 | D86: =C86*C37 -> 31.348989
A87: Total | C87: =C85+C86 -> 0.1146208 | D87: =D85+D86 -> 114.72396
A89: Submódulo 4.3 - Afastamento Maternidade
A90: 4.3 | B90: Afastamento Maternidade | C90: % | D90: Valor (R$)
A91: A | B91: Afastamento Maternidade | C91: 0.0004 | D91: =C37*C91 -> 0.40036
A92: B | B92: Incidência do submódulo 4.1 sobre afastamento maternidade | C92: =C91*C80 -> 0.0001504 | D92: =C92*C37 -> 0.15053536
A93: Total | C93: =C91+C92 -> 0.0005504 | D93: =D91+D92 -> 0.55089536
A95: Submódulo 4.4 – Provisão para Rescisão
A96: 4.4 | B96: Provisão para Rescisão | C96: % | D96: Valor (R$)
A97: A | B97: Aviso prévio indenizado | C97: 0.0042 | D97: =C37*C97 -> 4.20378
A98: B | B98: Incidência do FGTS s/aviso prévio indenizado | C98: 0.0004 | D98: =C37*C98 -> 0.40036
A99: C | B99: Multa do FGTS e contribuições sociais s/aviso prévio indenizado | C99: 0.032 | D99: =C37*C99 -> 32.0288
A100: D | B100: Aviso prévio trabalhado | C100: 0.0194 | D100: =C37*C100 -> 19.41746
A101: E | B101: Incidência do submódulo 4.1 s/aviso prévio trabalhado | C101: 0.0077 | D101: =C37*C101 -> 7.70693
A102: F | B102: Multa FGTS e contribuições sociais do aviso prévio trabalhado | C102: 0.008 | D102: =C37*C102 -> 8.0072
A103: Total: | C103: =C97+C98+C99+C100+C101+C102 -> 0.0717 | D103: =D97+D98+D99+D100+D101+D102 -> 71.76453
A105: Submódulo 4.5 - Custo de Reposição do Profissional Ausente
A106: 4.5 | B106: Composição do custo de Reposição do Profissional Ausente | C106: % | D106: Valor (R$)
A107: A | B107: Férias e terço constitucional de férias | C107: 0.1111 | D107: =C37*C107 -> 111.19999
A108: B | B108: Ausência por doença | C108: 0.0166 | D108: =C37*C108 -> 16.61494
A109: C | B109: Licença paternidade | C109: 0.0002 | D109: =C37*C109 -> 0.20018
A110: D | B110: Ausências legais | C110: 0.0028 | D110: =C37*C110 -> 2.80252
A111: E | B111: Ausência por acidente de trabalho | C111: 0.0063 | D111: =C37*C111 -> 6.30567
A112: F | B112: Outros (especificar) | C112: 0 | D112: =C37*C112 -> 0
B113: Subtotal | C113: =SUM(C107:C112) -> 0.137 | D113: =D107+D108+D109+D110+D111+D112 -> 137.1233
A114: G | B114: Incidência do submódulo 4.1 sobre o Custo de Reposição | C114: =C113*C80 -> 0.051512 | D114: =C114*C37 -> 51.558361
A115: Total: | C115: =C113+C114 -> 0.188512 | D115: =D113+D114 -> 188.68166
A118: MÓDULO 4: ENCARGOS SOCIAIS E TRABALHISTAS
A119: RESUMO TOTAL (QUADROS 4.1 + 4.2 + 4.3 + 4.4 + 4.5)
A120: 4 | B120: Módulo 4 - Encargos Sociais e Trabalhistas | C120: Valor (R$)
...

Sheet Monitor escolar 30 horas
A1: MODELO DE PLANILHA DE COMPOSIÇÃO DE CUSTOS E FORMAÇÃO DE PREÇOS
A4: Nº Processo:
A5: Licitação nº
A6: Dia ___ / ___ / _____ às ____ : ____ horas
A8: Discriminação dos Serviços (dados referentes à contratação)
A9: A | B9: Data de apresentação da proposta (dia/mês/ano)
A10: B | B10: Município/UF | C10: ITAIPULÂNDIA/PR
A11: C | B11: CCT’s-REFERÊNCIA | C11: SIEMACO
A12: D | B12: Ano, Acordo, Convenção ou Sentença Normativa em Dissídio Coletivo | C12: Convenção Coletiva de Trabalho 2025/2026
A13: E | B13: Nº de meses de execução contratual | C13: 12 meses
A15: Identificação do Serviço
A16: Tipo de Serviço | B16: Categoria profissional (vinculada à execução contratual) | C16: CARGO REFERÊNCIA - CCT | D16: Quantidade (total) a contratar (em função da unidade de medida)
A17: Posto | B17: Monitor Escolar 30 horas | C17: Monitor Escolar | D17: 5
A20: Dados complementares para composição dos custos referente à mão-de-obra
A21: 1 | B21: Tipo de serviço (mesmo serviço com características distintas) | C21: =B17 -> Monitor Escolar 30 horas
A22: 2 | B22: Salário normativo da categoria profissional | C22: 2013
A23: 3 | B23: Categoria profissional (vinculada à execução contratual) | C23: =C17 -> Monitor Escolar
A24: 4 | B24: Data base da categoria (dia/mês/ano) | C24: 01/02/2025 a 31/01/2026
A25: 5 | B25: Quantidade | C25: =D17 -> 5
A26: Nota: Deverá ser elaborado um quadro para cada tipo de serviço.
A28: MÓDULO 1 - COMPOSIÇÃO DA REMUNERAÇÃO
A29: I | B29: Composição da Remuneração | C29: Valor (R$)
A30: A | B30: Salário Base | C30: 1501.36
A31: B | B31: Adicional de periculosidade | C31: 0
A32: C | B32: Adicional de insalubridade
A33: D | B33: Adicional noturno | C33: 0
A34: E | B34: Hora noturna adicional | C34: 0
A35: F | B35: Adicional de hora extra | C35: 0
A36: G | B36: Adicional de Intrajornada | C36: 0
A37: Total da Remuneração | C37: =C30+C31+C32+C33+C34+C35+C36 -> 1501.36
A38: INSALUBRIDADE: NR 15
A39: Anexo "14" Agentes Biológicos
A40: HORA EXTRA "Feriados" (média 7h)
A42: MÓDULO 2 - BENEFÍCIOS MENSAIS E DIÁRIOS
A43: II | B43: Benefícios Mensais e Diários | C43: Valor (R$)
A44: A | B44: Transporte | C44: 0
A45: A.1 | B45: Desconto Transporte | C45: 0
A46: B | B46: Auxílio alimentação (vales, cesta básica etc.) | C46: 805
A47: C | B47: Assistência médica e familiar | C47: 81
A48: D | B48: Auxílio Creche
A49: E | B49: Benefício Social Familiar | C49: 28
A50: F | B50: Fundo de Formação Profissional
A51: G | B51: Seguro de vida, invalidez e funeral
A52: H | B52: Exames Médicos adm. CLT art. 168
A53: I | B53: Outros (Assistência Odontológica) | C53: 0
A54: Total de benefícios mensais e diários | C54: =C44+C45+C46+C47+C48+C49+C50+C51+C52+C53 -> 914
A55: Nota: o valor informado deverá ser o custo real do insumo (descontado o valor eventualmente pago pelo empregado).
A59: MÓDULO 3 - INSUMOS DIVERSOS (uniformes, materiais, equipamentos e outros)
A61: III | B61: Insumos diversos | C61: Valor (R$)
A62: A | B62: Uniformes/EPI´s (3 jalecos e 1 cracha por ano) | C62: 30
A63: B | B63: Equipamento
A64: C | B64: Custos garantia do Cto/Seg. Resp. Civil
A65: Total de Insumos Diversos: | C65: =C62+C63+C64 -> 30
A66: Nota: Valores mensais por empregado.
A69: MÓDULO 4 - ENCARGOS SOCIAIS E TRABALHISTAS
A70: Submódulo 4.1 - Encargos previdenciários, FGTS e outras contribuições
A71: 4.1 | B71: Encargos previdenciários e FGTS | C71: % | D71: Valor (R$)
A72: A | B72: INSS | C72: 0.2 | D72: =C37*C72 -> 300.272
A73: B | B73: SESI OU SESC | C73: 0.015 | D73: =C37*C73 -> 22.5204
A74: C | B74: SENAI OU SENAC | C74: 0.01 | D74: =C37*C74 -> 15.0136
A75: D | B75: INCRA | C75: 0.002 | D75: =C37*C75 -> 3.00272
A76: E | B76: Salário Educação | C76: 0.025 | D76: =C37*C76 -> 37.534
A77: F | B77: FGTS | C77: 0.08 | D77: =C37*C77 -> 120.1088
A78: G | B78: Seguro acidente do trabalho (RAT x FAP) | C78: 0.038 | D78: =C37*C78 -> 57.05168
A79: H | B79: SEBRAE | C79: 0.006 | D79: =C37*C79 -> 9.00816
A80: Total | C80: =C72+C73+C74+C75+C76+C77+C78+C79 -> 0.376 | D80: =D72+D73+D74+D75+D76+D77+D78+D79 -> 564.51136
A82: Submódulo 4.2 - 13º (décimo terceiro) Salário
A83: 4.2 | B83: 13º Salário | C83: % | D83: Valor (R$)
A84: A | B84: 13º Salário | C84: 0.0833 | D84: =C37*C84 -> 125.06329
B85: Subtotal | C85: =C84 -> 0.0833 | D85: =D84 -> 125.06329
A86: B | B86: Incidência do Submódulo 4.1 sobre 13º (décimo terceiro) Salário | C86: =C85*C80 -> 0.0313208 | D86: =C86*C37 -> 47.023796
A87: Total | C87: =C85+C86 -> 0.1146208 | D87: =D85+D86 -> 172.08708
A89: Submódulo 4.3 - Afastamento Maternidade
A90: 4.3 | B90: Afastamento Maternidade | C90: % | D90: Valor (R$)
A91: A | B91: Afastamento Maternidade | C91: 0.0004 | D91: =C37*C91 -> 0.600544
A92: B | B92: Incidência do submódulo 4.1 sobre afastamento maternidade | C92: =C91*C80 -> 0.0001504 | D92: =C92*C37 -> 0.22580454
A93: Total | C93: =C91+C92 -> 0.0005504 | D93: =D91+D92 -> 0.82634854
A95: Submódulo 4.4 – Provisão para Rescisão
A96: 4.4 | B96: Provisão para Rescisão | C96: % | D96: Valor (R$)
A97: A | B97: Aviso prévio indenizado | C97: 0.0042 | D97: =C37*C97 -> 6.305712
A98: B | B98: Incidência do FGTS s/aviso prévio indenizado | C98: 0.0004 | D98: =C37*C98 -> 0.600544
A99: C | B99: Multa do FGTS e contribuições sociais s/aviso prévio indenizado | C99: 0.032 | D99: =C37*C99 -> 48.04352
A100: D | B100: Aviso prévio trabalhado | C100: 0.0194 | D100: =C37*C100 -> 29.126384
A101: E | B101: Incidência do submódulo 4.1 s/aviso prévio trabalhado | C101: 0.0077 | D101: =C37*C101 -> 11.560472
A102: F | B102: Multa FGTS e contribuições sociais do aviso prévio trabalhado | C102: 0.008 | D102: =C37*C102 -> 12.01088
A103: Total: | C103: =C97+C98+C99+C100+C101+C102 -> 0.0717 | D103: =D97+D98+D99+D100+D101+D102 -> 107.64751
A105: Submódulo 4.5 - Custo de Reposição do Profissional Ausente
A106: 4.5 | B106: Composição do custo de Reposição do Profissional Ausente | C106: % | D106: Valor (R$)
A107: A | B107: Férias e terço constitucional de férias | C107: 0.1111 | D107: =C37*C107 -> 166.8011
A108: B | B108: Ausência por doença | C108: 0.0166 | D108: =C37*C108 -> 24.922576
A109: C | B109: Licença paternidade | C109: 0.0002 | D109: =C37*C109 -> 0.300272
A110: D | B110: Ausências legais | C110: 0.0028 | D110: =C37*C110 -> 4.203808
A111: E | B111: Ausência por acidente de trabalho | C111: 0.0063 | D111: =C37*C111 -> 9.458568
A112: F | B112: Outros (especificar) | C112: 0 | D112: =C37*C112 -> 0
B113: Subtotal | C113: =SUM(C107:C112) -> 0.137 | D113: =D107+D108+D109+D110+D111+D112 -> 205.68632
A114: G | B114: Incidência do submódulo 4.1 sobre o Custo de Reposição | C114: =C113*C80 -> 0.051512 | D114: =C114*C37 -> 77.338056
A115: Total: | C115: =C113+C114 -> 0.188512 | D115: =D113+D114 -> 283.02438
A118: MÓDULO 4: ENCARGOS SOCIAIS E TRABALHISTAS
A119: RESUMO TOTAL (QUADROS 4.1 + 4.2 + 4.3 + 4.4 + 4.5)
A120: 4 | B120: Módulo 4 - Encargos Sociais e Trabalhistas | C120: Valor (R$)
...

Sheet Monitor escolar 40 horas
A1: MODELO DE PLANILHA DE COMPOSIÇÃO DE CUSTOS E FORMAÇÃO DE PREÇOS
A4: Nº Processo:
A5: Licitação nº
A6: Dia ___ / ___ / _____ às ____ : ____ horas
A8: Discriminação dos Serviços (dados referentes à contratação)
A9: A | B9: Data de apresentação da proposta (dia/mês/ano)
A10: B | B10: Município/UF | C10: ITAIPULÂNDIA/PR
A11: C | B11: CCT’s-REFERÊNCIA | C11: SIEMACO
A12: D | B12: Ano, Acordo, Convenção ou Sentença Normativa em Dissídio Coletivo | C12: Convenção Coletiva de Trabalho 2025/2026
A13: E | B13: Nº de meses de execução contratual | C13: 12 meses
A15: Identificação do Serviço
A16: Tipo de Serviço | B16: Categoria profissional (vinculada à execução contratual) | C16: CARGO REFERÊNCIA - CCT | D16: Quantidade (total) a contratar (em função da unidade de medida)
A17: Posto | B17: Monitor escolar 40 horas | C17: Monitor escolar | D17: 8
A20: Dados complementares para composição dos custos referente à mão-de-obra
A21: 1 | B21: Tipo de serviço (mesmo serviço com características distintas) | C21: =B17 -> Monitor escolar 40 horas
A22: 2 | B22: Salário normativo da categoria profissional | C22: 2202
A23: 3 | B23: Categoria profissional (vinculada à execução contratual) | C23: =C17 -> Monitor escolar
A24: 4 | B24: Data base da categoria (dia/mês/ano) | C24: 01/02/2025 a 31/01/2026
A25: 5 | B25: Quantidade | C25: =D17 -> 8
A26: Nota: Deverá ser elaborado um quadro para cada tipo de serviço.
A28: MÓDULO 1 - COMPOSIÇÃO DA REMUNERAÇÃO
A29: I | B29: Composição da Remuneração | C29: Valor (R$)
A30: A | B30: Salário Base | C30: =C22 -> 2202
A31: B | B31: Adicional de periculosidade | C31: 0
A32: C | B32: Adicional de insalubridade
A33: D | B33: Adicional noturno
A34: E | B34: Hora noturna adicional | C34: 0
A35: F | B35: Adicional de hora extra | C35: 0
A36: G | B36: Adicional de Intrajornada
A37: Total da Remuneração | C37: =C30+C31+C32+C33+C34+C35+C36 -> 2202
A38: INSALUBRIDADE: NR 15
A39: Anexo "14" Agentes Biológicos
A40: HORA EXTRA "Feriados" (média 7h)
A42: MÓDULO 2 - BENEFÍCIOS MENSAIS E DIÁRIOS
A43: II | B43: Benefícios Mensais e Diários | C43: Valor (R$)
A44: A | B44: Transporte | C44: 0
A45: A.1 | B45: Desconto Transporte | C45: 0
A46: B | B46: Auxílio alimentação (vales, cesta básica etc.) | C46: 805
A47: C | B47: Assistência médica e familiar | C47: 81
A48: D | B48: Auxílio Creche
A49: E | B49: Benefício Social Familiar | C49: 28
A50: F | B50: Fundo de Formação Profissional
A51: G | B51: Seguro de vida, invalidez e funeral
A52: H | B52: Exames Médicos adm. CLT art. 168
A53: I | B53: Outros (Assistência Odontológica)
A54: Total de benefícios mensais e diários | C54: =C44+C45+C46+C47+C48+C49+C50+C51+C52+C53 -> 914
A55: Nota: o valor informado deverá ser o custo real do insumo (descontado o valor eventualmente pago pelo empregado).
A59: MÓDULO 3 - INSUMOS DIVERSOS (uniformes, materiais, equipamentos e outros)
A61: III | B61: Insumos diversos | C61: Valor (R$)
A62: A | B62: Uniformes/EPI´s (3 jalecos e 1 cracha por ano) | C62: 30
A63: B | B63: Equipamentos
A64: C | B64: Custos garantia do Cto/Seg. Resp. Civil
A65: Total de Insumos Diversos: | C65: =C62+C63+C64 -> 30
A66: Nota: Valores mensais por empregado.
A69: MÓDULO 4 - ENCARGOS SOCIAIS E TRABALHISTAS
A70: Submódulo 4.1 - Encargos previdenciários, FGTS e outras contribuições
A71: 4.1 | B71: Encargos previdenciários e FGTS | C71: % | D71: Valor (R$)
A72: A | B72: INSS | C72: 0.2 | D72: =C37*C72 -> 440.4
A73: B | B73: SESI OU SESC | C73: 0.015 | D73: =C37*C73 -> 33.03
A74: C | B74: SENAI OU SENAC | C74: 0.01 | D74: =C37*C74 -> 22.02
A75: D | B75: INCRA | C75: 0.002 | D75: =C37*C75 -> 4.404
A76: E | B76: Salário Educação | C76: 0.025 | D76: =C37*C76 -> 55.05
A77: F | B77: FGTS | C77: 0.08 | D77: =C37*C77 -> 176.16
A78: G | B78: Seguro acidente do trabalho (RAT x FAP) | C78: 0.06 | D78: =C37*C78 -> 132.12
A79: H | B79: SEBRAE | C79: 0.006 | D79: =C37*C79 -> 13.212
A80: Total | C80: =C72+C73+C74+C75+C76+C77+C78+C79 -> 0.398 | D80: =D72+D73+D74+D75+D76+D77+D78+D79 -> 876.396
A82: Submódulo 4.2 - 13º (décimo terceiro) Salário
A83: 4.2 | B83: 13º Salário | C83: % | D83: Valor (R$)
A84: A | B84: 13º Salário | C84: 0.0833 | D84: =C37*C84 -> 183.4266
B85: Subtotal | C85: =C84 -> 0.0833 | D85: =D84 -> 183.4266
A86: B | B86: Incidência do Submódulo 4.1 sobre 13º (décimo terceiro) Salário | C86: =C85*C80 -> 0.0331534 | D86: =C86*C37 -> 73.003787
A87: Total | C87: =C85+C86 -> 0.1164534 | D87: =D85+D86 -> 256.43039
A89: Submódulo 4.3 - Afastamento Maternidade
A90: 4.3 | B90: Afastamento Maternidade | C90: % | D90: Valor (R$)
A91: A | B91: Afastamento Maternidade | C91: 0.0004 | D91: =C37*C91 -> 0.8808
A92: B | B92: Incidência do submódulo 4.1 sobre afastamento maternidade | C92: =C91*C80 -> 0.0001592 | D92: =C92*C37 -> 0.3505584
A93: Total | C93: =C91+C92 -> 0.0005592 | D93: =D91+D92 -> 1.2313584
A95: Submódulo 4.4 – Provisão para Rescisão
A96: 4.4 | B96: Provisão para Rescisão | C96: % | D96: Valor (R$)
A97: A | B97: Aviso prévio indenizado | C97: 0.0042 | D97: =C37*C97 -> 9.2484
A98: B | B98: Incidência do FGTS s/aviso prévio indenizado | C98: 0.0004 | D98: =C37*C98 -> 0.8808
A99: C | B99: Multa do FGTS e contribuições sociais s/aviso prévio indenizado | C99: 0.032 | D99: =C37*C99 -> 70.464
A100: D | B100: Aviso prévio trabalhado | C100: 0.0194 | D100: =C37*C100 -> 42.7188
A101: E | B101: Incidência do submódulo 4.1 s/aviso prévio trabalhado | C101: 0.0077 | D101: =C37*C101 -> 16.9554
A102: F | B102: Multa FGTS e contribuições sociais do aviso prévio trabalhado | C102: 0.008 | D102: =C37*C102 -> 17.616
A103: Total: | C103: =C97+C98+C99+C100+C101+C102 -> 0.0717 | D103: =D97+D98+D99+D100+D101+D102 -> 157.8834
A105: Submódulo 4.5 - Custo de Reposição do Profissional Ausente
A106: 4.5 | B106: Composição do custo de Reposição do Profissional Ausente | C106: % | D106: Valor (R$)
A107: A | B107: Férias e terço constitucional de férias | C107: 0.1111 | D107: =C37*C107 -> 244.6422
A108: B | B108: Ausência por doença | C108: 0.0166 | D108: =C37*C108 -> 36.5532
A109: C | B109: Licença paternidade | C109: 0.0002 | D109: =C37*C109 -> 0.4404
A110: D | B110: Ausências legais | C110: 0.0028 | D110: =C37*C110 -> 6.1656
A111: E | B111: Ausência por acidente de trabalho | C111: 0.0063 | D111: =C37*C111 -> 13.8726
A112: F | B112: Outros (especificar) | C112: 0 | D112: =C37*C112 -> 0
B113: Subtotal | C113: =SUM(C107:C112) -> 0.137 | D113: =D107+D108+D109+D110+D111+D112 -> 301.674
A114: G | B114: Incidência do submódulo 4.1 sobre o Custo de Reposição | C114: 0.0515 | D114: =C114*C37 -> 113.403
A115: Total: | C115: =C113+C114 -> 0.1885 | D115: =D113+D114 -> 415.077
A118: MÓDULO 4: ENCARGOS SOCIAIS E TRABALHISTAS
A119: RESUMO TOTAL (QUADROS 4.1 + 4.2 + 4.3 + 4.4 + 4.5)
A120: 4 | B120: Módulo 4 - Encargos Sociais e Trabalhistas | C120: Valor (R$)
...

Sheet Profissional de apoio esc 20hs
A1: MODELO DE PLANILHA DE COMPOSIÇÃO DE CUSTOS E FORMAÇÃO DE PREÇOS
A4: Nº Processo:
A5: Licitação nº
A6: Dia ___ / ___ / _____ às ____ : ____ horas
A8: Discriminação dos Serviços (dados referentes à contratação)
A9: A | B9: Data de apresentação da proposta (dia/mês/ano)
A10: B | B10: Município/UF | C10: ITAIPULÂNDIA/PR
A11: C | B11: CCT’s-REFERÊNCIA | C11: SIEMACO
A12: D | B12: Ano, Acordo, Convenção ou Sentença Normativa em Dissídio Coletivo | C12: Convenção Coletiva de Trabalho 2025/2026
A13: E | B13: Nº de meses de execução contratual | C13: 12 meses
A15: Identificação do Serviço
A16: Tipo de Serviço | B16: Categoria profissional (vinculada à execução contratual) | C16: CARGO REFERÊNCIA - CCT | D16: Quantidade (total) a contratar (em função da unidade de medida)
A17: Posto | B17: Profissional de Apoio escolar 20 horas | C17: Profissional de apoio escolar | D17: 30
A20: Dados complementares para composição dos custos referente à mão-de-obra
A21: 1 | B21: Tipo de serviço (mesmo serviço com características distintas) | C21: =B17 -> Profissional de Apoio escolar 20 horas
A22: 2 | B22: Salário normativo da categoria profissional | C22: 934.55
A23: 3 | B23: Categoria profissional (vinculada à execução contratual) | C23: =C17 -> Profissional de apoio escolar
A24: 4 | B24: Data base da categoria (dia/mês/ano) | C24: 01/02/205 a 31/01/2026
A25: 5 | B25: Quantidade | C25: =D17 -> 30
A26: Nota: Deverá ser elaborado um quadro para cada tipo de serviço.
A28: MÓDULO 1 - COMPOSIÇÃO DA REMUNERAÇÃO
A29: I | B29: Composição da Remuneração | C29: Valor (R$)
A30: A | B30: Salário Base | C30: =C22 -> 934.55
A31: B | B31: Adicional de periculosidade | C31: 0
A32: C | B32: Adicional de insalubridade
A33: D | B33: Adicional noturno | C33: 0
A34: E | B34: Hora noturna adicional | C34: 0
A35: F | B35: Adicional de hora extra | C35: 0
A36: G | B36: Adicional de Intrajornada
A37: Total da Remuneração | C37: =C30+C31+C32+C33+C34+C35+C36 -> 934.55
A38: INSALUBRIDADE: NR 15
A39: Anexo "14" Agentes Biológicos
A40: HORA EXTRA "Feriados" (média 7h)
A42: MÓDULO 2 - BENEFÍCIOS MENSAIS E DIÁRIOS
A43: II | B43: Benefícios Mensais e Diários | C43: Valor (R$)
A44: A | B44: Transporte | C44: 0
A45: A.1 | B45: Desconto Transporte | C45: 0
A46: B | B46: Auxílio alimentação (vales, cesta básica etc.) | C46: 805
A47: C | B47: Assistência médica e familiar | C47: 81
A48: D | B48: Auxílio Creche
A49: E | B49: Benefício Social Familiar | C49: 28
A50: F | B50: Fundo de Formação Profissional
A51: G | B51: Seguro de vida, invalidez e funeral
A52: H | B52: Exames Médicos adm. CLT art. 168
A53: I | B53: Outros (Assistência Odontológica)
A54: Total de benefícios mensais e diários | C54: =C44+C45+C46+C47+C48+C49+C50+C51+C52+C53 -> 914
A55: Nota: o valor informado deverá ser o custo real do insumo (descontado o valor eventualmente pago pelo empregado).
A59: MÓDULO 3 - INSUMOS DIVERSOS (uniformes, materiais, equipamentos e outros)
A61: III | B61: Insumos diversos | C61: Valor (R$)
A62: A | B62: Uniformes/EPI´s( 3 jalecos e 1 cracha por ano) | C62: 30
A63: B | B63: Equipamento
A64: C | B64: Custos garantia do Cto/Seg. Resp. Civil
A65: Total de Insumos Diversos: | C65: =C62+C63+C64 -> 30
A66: Nota: Valores mensais por empregado.
A69: MÓDULO 4 - ENCARGOS SOCIAIS E TRABALHISTAS
A70: Submódulo 4.1 - Encargos previdenciários, FGTS e outras contribuições
A71: 4.1 | B71: Encargos previdenciários e FGTS | C71: % | D71: Valor (R$)
A72: A | B72: INSS | C72: 0.2 | D72: =C37*C72 -> 186.91
A73: B | B73: SESI OU SESC | C73: 0.015 | D73: =C37*C73 -> 14.01825
A74: C | B74: SENAI OU SENAC | C74: 0.01 | D74: =C37*C74 -> 9.3455
A75: D | B75: INCRA | C75: 0.002 | D75: =C37*C75 -> 1.8691
A76: E | B76: Salário Educação | C76: 0.025 | D76: =C37*C76 -> 23.36375
A77: F | B77: FGTS | C77: 0.08 | D77: =C37*C77 -> 74.764
A78: G | B78: Seguro acidente do trabalho (RAT x FAP) | C78: 0.06 | D78: =C37*C78 -> 56.073
A79: H | B79: SEBRAE | C79: 0.006 | D79: =C37*C79 -> 5.6073
A80: Total | C80: =C72+C73+C74+C75+C76+C77+C78+C79 -> 0.398 | D80: =D72+D73+D74+D75+D76+D77+D78+D79 -> 371.9509
A82: Submódulo 4.2 - 13º (décimo terceiro) Salário
A83: 4.2 | B83: 13º Salário | C83: % | D83: Valor (R$)
A84: A | B84: 13º Salário | C84: 0.0833 | D84: =C37*C84 -> 77.848015
B85: Subtotal | C85: =C84 -> 0.0833 | D85: =D84 -> 77.848015
A86: B | B86: Incidência do Submódulo 4.1 sobre 13º (décimo terceiro) Salário | C86: =C85*C80 -> 0.0331534 | D86: =C86*C37 -> 30.98351
A87: Total | C87: =C85+C86 -> 0.1164534 | D87: =D85+D86 -> 108.83152
A89: Submódulo 4.3 - Afastamento Maternidade
A90: 4.3 | B90: Afastamento Maternidade | C90: % | D90: Valor (R$)
A91: A | B91: Afastamento Maternidade | C91: 0.0004 | D91: =C37*C91 -> 0.37382
A92: B | B92: Incidência do submódulo 4.1 sobre afastamento maternidade | C92: =C91*C80 -> 0.0001592 | D92: =C92*C37 -> 0.14878036
A93: Total | C93: =C91+C92 -> 0.0005592 | D93: =D91+D92 -> 0.52260036
A95: Submódulo 4.4 – Provisão para Rescisão
A96: 4.4 | B96: Provisão para Rescisão | C96: % | D96: Valor (R$)
A97: A | B97: Aviso prévio indenizado | C97: 0.0042 | D97: =C37*C97 -> 3.92511
A98: B | B98: Incidência do FGTS s/aviso prévio indenizado | C98: 0.0004 | D98: =C37*C98 -> 0.37382
A99: C | B99: Multa do FGTS e contribuições sociais s/aviso prévio indenizado | C99: 0.032 | D99: =C37*C99 -> 29.9056
A100: D | B100: Aviso prévio trabalhado | C100: 0.0194 | D100: =C37*C100 -> 18.13027
A101: E | B101: Incidência do submódulo 4.1 s/aviso prévio trabalhado | C101: 0.0077 | D101: =C37*C101 -> 7.196035
A102: F | B102: Multa FGTS e contribuições sociais do aviso prévio trabalhado | C102: 0.008 | D102: =C37*C102 -> 7.4764
A103: Total: | C103: =C97+C98+C99+C100+C101+C102 -> 0.0717 | D103: =D97+D98+D99+D100+D101+D102 -> 67.007235
A105: Submódulo 4.5 - Custo de Reposição do Profissional Ausente
A106: 4.5 | B106: Composição do custo de Reposição do Profissional Ausente | C106: % | D106: Valor (R$)
A107: A | B107: Férias e terço constitucional de férias | C107: 0.1111 | D107: =C37*C107 -> 103.8285
A108: B | B108: Ausência por doença | C108: 0.0166 | D108: =C37*C108 -> 15.51353
A109: C | B109: Licença paternidade | C109: 0.0002 | D109: =C37*C109 -> 0.18691
A110: D | B110: Ausências legais | C110: 0.0028 | D110: =C37*C110 -> 2.61674
A111: E | B111: Ausência por acidente de trabalho | C111: 0.0063 | D111: =C37*C111 -> 5.887665
A112: F | B112: Outros (especificar) | C112: 0 | D112: =C37*C112 -> 0
B113: Subtotal | C113: =SUM(C107:C112) -> 0.137 | D113: =D107+D108+D109+D110+D111+D112 -> 128.03335
A114: G | B114: Incidência do submódulo 4.1 sobre o Custo de Reposição | C114: 0.0515 | D114: =C114*C37 -> 48.129325
A115: Total: | C115: =C113+C114 -> 0.1885 | D115: =D113+D114 -> 176.16267
A118: MÓDULO 4: ENCARGOS SOCIAIS E TRABALHISTAS
A119: RESUMO TOTAL (QUADROS 4.1 + 4.2 + 4.3 + 4.4 + 4.5)
A120: 4 | B120: Módulo 4 - Encargos Sociais e Trabalhistas | C120: Valor (R$)
...

Sheet Profissional de apoio Esc 30 hs
A1: MODELO DE PLANILHA DE COMPOSIÇÃO DE CUSTOS E FORMAÇÃO DE PREÇOS
A4: Nº Processo:
A5: Licitação nº
A6: Dia ___ / ___ / _____ às ____ : ____ horas
A8: Discriminação dos Serviços (dados referentes à contratação)
A9: A | B9: Data de apresentação da proposta (dia/mês/ano)
A10: B | B10: Município/UF | C10: ITAIPULÂNDIA/PR
A11: C | B11: CCT’s-REFERÊNCIA | C11: SIEMACO
A12: D | B12: Ano, Acordo, Convenção ou Sentença Normativa em Dissídio Coletivo | C12: Convenção Coletiva de Trabalho 2025/2026
A13: E | B13: Nº de meses de execução contratual | C13: 12 meses
A15: Identificação do Serviço
A16: Tipo de Serviço | B16: Categoria profissional (vinculada à execução contratual) | C16: CARGO REFERÊNCIA - CCT | D16: Quantidade (total) a contratar (em função da unidade de medida)
A17: Posto | B17: Profissional de apoio escolar 30hs | C17: Profissional de Apoio escolar | D17: 52
A20: Dados complementares para composição dos custos referente à mão-de-obra
A21: 1 | B21: Tipo de serviço (mesmo serviço com características distintas) | C21: =B17 -> Profissional de apoio escolar 30hs
A22: 2 | B22: Salário normativo da categoria profissional | C22: 1401.81
A23: 3 | B23: Categoria profissional (vinculada à execução contratual) | C23: =C17 -> Profissional de Apoio escolar
A24: 4 | B24: Data base da categoria (dia/mês/ano) | C24: 01/02/2025 a 31/01/2026
A25: 5 | B25: Quantidade | C25: =D17 -> 52
A26: Nota: Deverá ser elaborado um quadro para cada tipo de serviço.
A28: MÓDULO 1 - COMPOSIÇÃO DA REMUNERAÇÃO
A29: I | B29: Composição da Remuneração | C29: Valor (R$)
A30: A | B30: Salário Base | C30: =C22 -> 1401.81
A31: B | B31: Adicional de periculosidade | C31: 0
A32: C | B32: Adicional de insalubridade | C32: 0
A33: D | B33: Adicional noturno | C33: 0
A34: E | B34: Hora noturna adicional | C34: 0
A35: F | B35: Adicional de hora extra | C35: 0
A36: G | B36: Adicional de Intrajornada
A37: Total da Remuneração | C37: =C30+C31+C32+C33+C34+C35+C36 -> 1401.81
A38: INSALUBRIDADE: NR 15
A39: Anexo "14" Agentes Biológicos
A40: HORA EXTRA "Feriados" (média 7h)
A42: MÓDULO 2 - BENEFÍCIOS MENSAIS E DIÁRIOS
A43: II | B43: Benefícios Mensais e Diários | C43: Valor (R$)
A44: A | B44: Transporte | C44: 0
A45: A.1 | B45: Desconto Transporte | C45: 0
A46: B | B46: Auxílio alimentação (vales, cesta básica etc.) | C46: 805
A47: C | B47: Assistência médica e familiar | C47: 81
A48: D | B48: Auxílio Creche
A49: E | B49: Benefício Social Familiar | C49: 28
A50: F | B50: Fundo de Formação Profissional
A51: G | B51: Seguro de vida, invalidez e funeral
A52: H | B52: Exames Médicos adm. CLT art. 168
A53: I | B53: Outros (Assistência Odontológica) | C53: 0
A54: Total de benefícios mensais e diários | C54: =C44+C45+C46+C47+C48+C49+C50+C51+C52+C53 -> 914
A55: Nota: o valor informado deverá ser o custo real do insumo (descontado o valor eventualmente pago pelo empregado).
A59: MÓDULO 3 - INSUMOS DIVERSOS (uniformes, materiais, equipamentos e outros)
A61: III | B61: Insumos diversos | C61: Valor (R$)
A62: A | B62: Uniformes/EPI´s (3 jalecos e 1 cracha por ano) | C62: 30
A63: B | B63: Materiais/Ferramentais/Equipamentos
A64: C | B64: Custos garantia do Cto/Seg. Resp. Civil
A65: Total de Insumos Diversos: | C65: =C62+C63+C64 -> 30
A66: Nota: Valores mensais por empregado.
A69: MÓDULO 4 - ENCARGOS SOCIAIS E TRABALHISTAS
A70: Submódulo 4.1 - Encargos previdenciários, FGTS e outras contribuições
A71: 4.1 | B71: Encargos previdenciários e FGTS | C71: % | D71: Valor (R$)
A72: A | B72: INSS | C72: 0.2 | D72: =C37*C72 -> 280.362
A73: B | B73: SESI OU SESC | C73: 0.015 | D73: =C37*C73 -> 21.02715
A74: C | B74: SENAI OU SENAC | C74: 0.01 | D74: =C37*C74 -> 14.0181
A75: D | B75: INCRA | C75: 0.002 | D75: =C37*C75 -> 2.80362
A76: E | B76: Salário Educação | C76: 0.025 | D76: =C37*C76 -> 35.04525
A77: F | B77: FGTS | C77: 0.08 | D77: =C37*C77 -> 112.1448
A78: G | B78: Seguro acidente do trabalho (RAT x FAP) | C78: 0.06 | D78: =C37*C78 -> 84.1086
A79: H | B79: SEBRAE | C79: 0.006 | D79: =C37*C79 -> 8.41086
A80: Total | C80: =C72+C73+C74+C75+C76+C77+C78+C79 -> 0.398 | D80: =D72+D73+D74+D75+D76+D77+D78+D79 -> 557.92038
A82: Submódulo 4.2 - 13º (décimo terceiro) Salário
A83: 4.2 | B83: 13º Salário | C83: % | D83: Valor (R$)
A84: A | B84: 13º Salário | C84: 0.0833 | D84: =C37*C84 -> 116.77077
B85: Subtotal | C85: =C84 -> 0.0833 | D85: =D84 -> 116.77077
A86: B | B86: Incidência do Submódulo 4.1 sobre 13º (décimo terceiro) Salário | C86: =C85*C80 -> 0.0331534 | D86: =C86*C37 -> 46.474768
A87: Total | C87: =C85+C86 -> 0.1164534 | D87: =D85+D86 -> 163.24554
A89: Submódulo 4.3 - Afastamento Maternidade
A90: 4.3 | B90: Afastamento Maternidade | C90: % | D90: Valor (R$)
A91: A | B91: Afastamento Maternidade | C91: 0.0004 | D91: =C37*C91 -> 0.560724
A92: B | B92: Incidência do submódulo 4.1 sobre afastamento maternidade | C92: =C91*C80 -> 0.0001592 | D92: =C92*C37 -> 0.22316815
A93: Total | C93: =C91+C92 -> 0.0005592 | D93: =D91+D92 -> 0.78389215
A95: Submódulo 4.4 – Provisão para Rescisão
A96: 4.4 | B96: Provisão para Rescisão | C96: % | D96: Valor (R$)
A97: A | B97: Aviso prévio indenizado | C97: 0.0042 | D97: =C37*C97 -> 5.887602
A98: B | B98: Incidência do FGTS s/aviso prévio indenizado | C98: 0.0004 | D98: =C37*C98 -> 0.560724
A99: C | B99: Multa do FGTS e contribuições sociais s/aviso prévio indenizado | C99: 0.032 | D99: =C37*C99 -> 44.85792
A100: D | B100: Aviso prévio trabalhado | C100: 0.0194 | D100: =C37*C100 -> 27.195114
A101: E | B101: Incidência do submódulo 4.1 s/aviso prévio trabalhado | C101: 0.0077 | D101: =C37*C101 -> 10.793937
A102: F | B102: Multa FGTS e contribuições sociais do aviso prévio trabalhado | C102: 0.008 | D102: =C37*C102 -> 11.21448
A103: Total: | C103: =C97+C98+C99+C100+C101+C102 -> 0.0717 | D103: =D97+D98+D99+D100+D101+D102 -> 100.50978
A105: Submódulo 4.5 - Custo de Reposição do Profissional Ausente
A106: 4.5 | B106: Composição do custo de Reposição do Profissional Ausente | C106: % | D106: Valor (R$)
A107: A | B107: Férias e terço constitucional de férias | C107: 0.1111 | D107: =C37*C107 -> 155.74109
A108: B | B108: Ausência por doença | C108: 0.0166 | D108: =C37*C108 -> 23.270046
A109: C | B109: Licença paternidade | C109: 0.0002 | D109: =C37*C109 -> 0.280362
A110: D | B110: Ausências legais | C110: 0.0028 | D110: =C37*C110 -> 3.925068
A111: E | B111: Ausência por acidente de trabalho | C111: 0.0063 | D111: =C37*C111 -> 8.831403
A112: F | B112: Outros (especificar) | C112: 0 | D112: =C37*C112 -> 0
B113: Subtotal | C113: =SUM(C107:C112) -> 0.137 | D113: =D107+D108+D109+D110+D111+D112 -> 192.04797
A114: G | B114: Incidência do submódulo 4.1 sobre o Custo de Reposição | C114: 0.0515 | D114: =C114*C37 -> 72.193215
A115: Total: | C115: =C113+C114 -> 0.1885 | D115: =D113+D114 -> 264.24119
A118: MÓDULO 4: ENCARGOS SOCIAIS E TRABALHISTAS
A119: RESUMO TOTAL (QUADROS 4.1 + 4.2 + 4.3 + 4.4 + 4.5)
A120: 4 | B120: Módulo 4 - Encargos Sociais e Trabalhistas | C120: Valor (R$)
...

Sheet Profissional de apoio esco 40 h
A1: MODELO DE PLANILHA DE COMPOSIÇÃO DE CUSTOS E FORMAÇÃO DE PREÇOS
A4: Nº Processo:
A5: Licitação nº
A6: Dia ___ / ___ / _____ às ____ : ____ horas
A8: Discriminação dos Serviços (dados referentes à contratação)
A9: A | B9: Data de apresentação da proposta (dia/mês/ano)
A10: B | B10: Município/UF | C10: ITAIPULÂNDIA/PR
A11: C | B11: CCT’s-REFERÊNCIA | C11: SINDSFOZ
A12: D | B12: Ano, Acordo, Convenção ou Sentença Normativa em Dissídio Coletivo | C12: Convenção Coletiva de Trabalho 2025/2026
A13: E | B13: Nº de meses de execução contratual | C13: 12 meses
A15: Identificação do Serviço
A16: Tipo de Serviço | B16: Categoria profissional (vinculada à execução contratual) | C16: CARGO REFERÊNCIA - CCT | D16: Quantidade (total) a contratar (em função da unidade de medida)
A17: Posto | B17: Segurança | C17: Segurança | D17: hora
A20: Dados complementares para composição dos custos referente à mão-de-obra
A21: 1 | B21: Tipo de serviço (mesmo serviço com características distintas) | C21: Segurança valor da hora
A22: 2 | B22: Salário normativo da categoria profissional | C22: 16.66
A23: 3 | B23: Categoria profissional (vinculada à execução contratual) | C23: =C17 -> Segurança
A24: 4 | B24: Data base da categoria (dia/mês/ano) | C24: 01/0/2025 a 31/07/2026
A25: 5 | B25: Quantidade | C25: =D17 -> hora
A26: Nota: Deverá ser elaborado um quadro para cada tipo de serviço.
A28: MÓDULO 1 - COMPOSIÇÃO DA REMUNERAÇÃO
A29: I | B29: Composição da Remuneração | C29: Valor (R$)
A30: A | B30: Salário Base | C30: =C22 -> 16.66
A31: B | B31: Adicional de periculosidade | C31: 0
A32: C | B32: Adicional de insalubridade | C32: 0
A33: D | B33: Adicional noturno | C33: 0
A34: E | B34: Hora noturna adicional | C34: 0
A35: F | B35: Adicional de hora extra | C35: 0
A36: G | B36: Adicional de Intrajornada
A37: Total da Remuneração | C37: =C30+C31+C32+C33+C34+C35+C36 -> 16.66
A38: INSALUBRIDADE: NR 15
A39: Anexo "14" Agentes Biológicos
A40: HORA EXTRA "Feriados" (média 7h)
A42: MÓDULO 2 - BENEFÍCIOS MENSAIS E DIÁRIOS
A43: II | B43: Benefícios Mensais e Diários | C43: Valor (R$)
A44: A | B44: Transporte | C44: 0
A45: A.1 | B45: Desconto Transporte | C45: 0
A46: B | B46: Auxílio alimentação (vales, cesta básica etc.)
A47: C | B47: Assistência médica e familiar
A48: D | B48: Auxílio Creche
A49: E | B49: Benefício Social Familiar
A50: F | B50: Fundo de Formação Profissional
A51: G | B51: Seguro de vida, invalidez e funeral
A52: H | B52: Exames Médicos adm. CLT art. 168
A53: I | B53: Outros (Assistência Odontológica) | C53: 0
A54: Total de benefícios mensais e diários | C54: =C44+C45+C46+C47+C48+C49+C50+C51+C52+C53 -> 0
A55: Nota: o valor informado deverá ser o custo real do insumo (descontado o valor eventualmente pago pelo empregado).
A59: MÓDULO 3 - INSUMOS DIVERSOS (uniformes, materiais, equipamentos e outros)
A61: III | B61: Insumos diversos | C61: Valor (R$)
A62: A | B62: Uniformes/EPI´s (3 jalecos e 1 cracha por ano) | C62: 3
A63: B | B63: Materiais/Ferramentais/Equipamentos
A64: C | B64: Custos garantia do Cto/Seg. Resp. Civil
A65: Total de Insumos Diversos: | C65: =C62+C63+C64 -> 3
A66: Nota: Valores mensais por empregado.
A69: MÓDULO 4 - ENCARGOS SOCIAIS E TRABALHISTAS
A70: Submódulo 4.1 - Encargos previdenciários, FGTS e outras contribuições
A71: 4.1 | B71: Encargos previdenciários e FGTS | C71: % | D71: Valor (R$)
A72: A | B72: INSS | C72: 0.08 | D72: =C37*C72 -> 1.3328
A73: B | B73: SESI OU SESC | C73: 0 | D73: =C37*C73 -> 0
A74: C | B74: SENAI OU SENAC | C74: 0 | D74: =C37*C74 -> 0
A75: D | B75: INCRA | C75: 0 | D75: =C37*C75 -> 0
A76: E | B76: Salário Educação | C76: 0 | D76: =C37*C76 -> 0
A77: F | B77: FGTS | C77: 0.08 | D77: =C37*C77 -> 1.3328
A78: G | B78: Seguro acidente do trabalho (RAT x FAP) | C78: 0 | D78: =C37*C78 -> 0
A79: H | B79: SEBRAE | C79: 0 | D79: =C37*C79 -> 0
A80: Total | C80: =C72+C73+C74+C75+C76+C77+C78+C79 -> 0.16 | D80: =D72+D73+D74+D75+D76+D77+D78+D79 -> 2.6656
A82: Submódulo 4.2 - 13º (décimo terceiro) Salário
A83: 4.2 | B83: 13º Salário | C83: % | D83: Valor (R$)
A84: A | B84: 13º Salário | C84: 0.0833 | D84: =C37*C84 -> 1.387778
B85: Subtotal | C85: =C84 -> 0.0833 | D85: =D84 -> 1.387778
A86: B | B86: Incidência do Submódulo 4.1 sobre 13º (décimo terceiro) Salário | C86: =C85*C80 -> 0.013328 | D86: =C86*C37 -> 0.22204448
A87: Total | C87: =C85+C86 -> 0.096628 | D87: =D85+D86 -> 1.6098225
A89: Submódulo 4.3 - Afastamento Maternidade
A90: 4.3 | B90: Afastamento Maternidade | C90: % | D90: Valor (R$)
A91: A | B91: Afastamento Maternidade | C91: 0.0004 | D91: =C37*C91 -> 0.006664
A92: B | B92: Incidência do submódulo 4.1 sobre afastamento maternidade | C92: =C91*C80 -> 6.4e-05 | D92: =C92*C37 -> 0.00106624
A93: Total | C93: =C91+C92 -> 0.000464 | D93: =D91+D92 -> 0.00773024
A95: Submódulo 4.4 – Provisão para Rescisão
A96: 4.4 | B96: Provisão para Rescisão | C96: % | D96: Valor (R$)
A97: A | B97: Aviso prévio indenizado | C97: 0.0042 | D97: =C37*C97 -> 0.069972
A98: B | B98: Incidência do FGTS s/aviso prévio indenizado | C98: 0.0004 | D98: =C37*C98 -> 0.006664
A99: C | B99: Multa do FGTS e contribuições sociais s/aviso prévio indenizado | C99: 0.032 | D99: =C37*C99 -> 0.53312
A100: D | B100: Aviso prévio trabalhado | C100: 0.0194 | D100: =C37*C100 -> 0.323204
A101: E | B101: Incidência do submódulo 4.1 s/aviso prévio trabalhado | C101: 0.0077 | D101: =C37*C101 -> 0.128282
A102: F | B102: Multa FGTS e contribuições sociais do aviso prévio trabalhado | C102: 0.008 | D102: =C37*C102 -> 0.13328
A103: Total: | C103: =C97+C98+C99+C100+C101+C102 -> 0.0717 | D103: =D97+D98+D99+D100+D101+D102 -> 1.194522
A105: Submódulo 4.5 - Custo de Reposição do Profissional Ausente
A106: 4.5 | B106: Composição do custo de Reposição do Profissional Ausente | C106: % | D106: Valor (R$)
A107: A | B107: Férias e terço constitucional de férias | C107: 0.1111 | D107: =C37*C107 -> 1.850926
A108: B | B108: Ausência por doença | C108: 0.0166 | D108: =C37*C108 -> 0.276556
A109: C | B109: Licença paternidade | C109: 0.0002 | D109: =C37*C109 -> 0.003332
A110: D | B110: Ausências legais | C110: 0.0028 | D110: =C37*C110 -> 0.046648
A111: E | B111: Ausência por acidente de trabalho | C111: 0.0063 | D111: =C37*C111 -> 0.104958
A112: F | B112: Outros (especificar) | C112: 0 | D112: =C37*C112 -> 0
B113: Subtotal | C113: =SUM(C107:C112) -> 0.137 | D113: =D107+D108+D109+D110+D111+D112 -> 2.28242
A114: G | B114: Incidência do submódulo 4.1 sobre o Custo de Reposição | C114: 0.0515 | D114: =C114*C37 -> 0.85799
A115: Total: | C115: =C113+C114 -> 0.1885 | D115: =D113+D114 -> 3.14041
A118: MÓDULO 4: ENCARGOS SOCIAIS E TRABALHISTAS
A119: RESUMO TOTAL (QUADROS 4.1 + 4.2 + 4.3 + 4.4 + 4.5)
A120: 4 | B120: Módulo 4 - Encargos Sociais e Trabalhistas | C120: Valor (R$)
...

Sheet modelo
A1: MODELO DE PLANILHA DE COMPOSIÇÃO DE CUSTOS E FORMAÇÃO DE PREÇOS
A4: Nº Processo:
A5: Licitação nº
A6: Dia ___ / ___ / _____ às ____ : ____ horas
A8: Discriminação dos Serviços (dados referentes à contratação)
A9: A | B9: Data de apresentação da proposta (dia/mês/ano)
A10: B | B10: Município/UF | C10: ITAIPULÂNDIA/PR
A11: C | B11: CCT’s-REFERÊNCIA
A12: D | B12: Ano, Acordo, Convenção ou Sentença Normativa em Dissídio Coletivo
A13: E | B13: Nº de meses de execução contratual | C13: 12 meses
A15: Identificação do Serviço
A16: Tipo de Serviço | B16: Categoria profissional (vinculada à execução contratual) | C16: CARGO REFERÊNCIA - CCT | D16: Quantidade (total) a contratar (em função da unidade de medida)
A17: Posto
A20: Dados complementares para composição dos custos referente à mão-de-obra
A21: 1 | B21: Tipo de serviço (mesmo serviço com características distintas)
A22: 2 | B22: Salário normativo da categoria profissional
A23: 3 | B23: Categoria profissional (vinculada à execução contratual)
A24: 4 | B24: Data base da categoria (dia/mês/ano)
A25: 5 | B25: Quantidade
A26: Nota: Deverá ser elaborado um quadro para cada tipo de serviço.
A28: MÓDULO 1 - COMPOSIÇÃO DA REMUNERAÇÃO
A29: I | B29: Composição da Remuneração | C29: Valor (R$)
A30: A | B30: Salário Base | C30: =C22/44*40 -> 0
A31: B | B31: Adicional de periculosidade | C31: 0
A32: C | B32: Adicional de insalubridade | C32: 0
A33: D | B33: Adicional noturno | C33: 0
A34: E | B34: Hora noturna adicional | C34: 0
A35: F | B35: Adicional de hora extra | C35: 0
A36: G | B36: Adicional de Intrajornada | C36: 0
A37: Total da Remuneração | C37: =C30+C31+C32+C33+C34+C35+C36 -> 0
A38: INSALUBRIDADE: NR 15
A39: Anexo "14" Agentes Biológicos
A40: HORA EXTRA "Feriados" (média 7h)
A42: MÓDULO 2 - BENEFÍCIOS MENSAIS E DIÁRIOS
A43: II | B43: Benefícios Mensais e Diários | C43: Valor (R$)
A44: A | B44: Transporte | C44: 0
A45: A.1 | B45: Desconto Transporte | C45: 0
A46: B | B46: Auxílio alimentação (vales, cesta básica etc.)
A47: C | B47: Assistência médica e familiar
A48: D | B48: Auxílio Creche | C48: 0
A49: E | B49: Benefício Social Familiar
A50: F | B50: Fundo de Formação Profissional
A51: G | B51: Seguro de vida, invalidez e funeral
A52: H | B52: Exames Médicos adm. CLT art. 168
A53: I | B53: Outros (Assistência Odontológica) | C53: 0
A54: Total de benefícios mensais e diários | C54: =C44+C45+C46+C47+C48+C49+C50+C51+C52+C53 -> 0
A55: Nota: o valor informado deverá ser o custo real do insumo (descontado o valor eventualmente pago pelo empregado).
A59: MÓDULO 3 - INSUMOS DIVERSOS (uniformes, materiais, equipamentos e outros)
A61: III | B61: Insumos diversos | C61: Valor (R$)
A62: A | B62: Uniformes/EPI´s
A63: B | B63: Materiais/Ferramentais
A64: C | B64: Custos garantia do Cto/Seg. Resp. Civil
A65: Total de Insumos Diversos: | C65: =C62+C63+C64 -> 0
A66: Nota: Valores mensais por empregado.
A69: MÓDULO 4 - ENCARGOS SOCIAIS E TRABALHISTAS
A70: Submódulo 4.1 - Encargos previdenciários, FGTS e outras contribuições
A71: 4.1 | B71: Encargos previdenciários e FGTS | C71: % | D71: Valor (R$)
A72: A | B72: INSS | C72: 0 | D72: =C37*C72 -> 0
A73: B | B73: SESI OU SESC | C73: 0 | D73: =C37*C73 -> 0
A74: C | B74: SENAI OU SENAC | C74: 0 | D74: =C37*C74 -> 0
A75: D | B75: INCRA | C75: 0 | D75: =C37*C75 -> 0
A76: E | B76: Salário Educação | C76: 0 | D76: =C37*C76 -> 0
A77: F | B77: FGTS | C77: 0 | D77: =C37*C77 -> 0
A78: G | B78: Seguro acidente do trabalho (RAT x FAP) | C78: 0 | D78: =C37*C78 -> 0
A79: H | B79: SEBRAE | C79: 0 | D79: =C37*C79 -> 0
A80: Total | C80: =C72+C73+C74+C75+C76+C77+C78+C79 -> 0 | D80: =D72+D73+D74+D75+D76+D77+D78+D79 -> 0
A82: Submódulo 4.2 - 13º (décimo terceiro) Salário
A83: 4.2 | B83: 13º Salário | C83: % | D83: Valor (R$)
A84: A | B84: 13º Salário | C84: 0 | D84: =C37*C84 -> 0
B85: Subtotal | C85: =C84 -> 0 | D85: =D84 -> 0
A86: B | B86: Incidência do Submódulo 4.1 sobre 13º (décimo terceiro) Salário | C86: =C85*C80 -> 0 | D86: =C86*C37 -> 0
A87: Total | C87: =C85+C86 -> 0 | D87: =D85+D86 -> 0
A89: Submódulo 4.3 - Afastamento Maternidade
A90: 4.3 | B90: Afastamento Maternidade | C90: % | D90: Valor (R$)
A91: A | B91: Afastamento Maternidade | C91: 0 | D91: =C37*C91 -> 0
A92: B | B92: Incidência do submódulo 4.1 sobre afastamento maternidade | C92: =C91*C80 -> 0 | D92: =C92*C37 -> 0
A93: Total | C93: =C91+C92 -> 0 | D93: =D91+D92 -> 0
A95: Submódulo 4.4 – Provisão para Rescisão
A96: 4.4 | B96: Provisão para Rescisão | C96: % | D96: Valor (R$)
A97: A | B97: Aviso prévio indenizado | C97: 0 | D97: =C37*C97 -> 0
A98: B | B98: Incidência do FGTS s/aviso prévio indenizado | C98: 0 | D98: =C37*C98 -> 0
A99: C | B99: Multa do FGTS e contribuições sociais s/aviso prévio indenizado | C99: 0 | D99: =C37*C99 -> 0
A100: D | B100: Aviso prévio trabalhado | C100: 0 | D100: =C37*C100 -> 0
A101: E | B101: Incidência do submódulo 4.1 s/aviso prévio trabalhado | C101: 0 | D101: =C37*C101 -> 0
A102: F | B102: Multa FGTS e contribuições sociais do aviso prévio trabalhado | C102: 0 | D102: =C37*C102 -> 0
A103: Total: | C103: =C97+C98+C99+C100+C101+C102 -> 0 | D103: =D97+D98+D99+D100+D101+D102 -> 0
A105: Submódulo 4.5 - Custo de Reposição do Profissional Ausente
A106: 4.5 | B106: Composição do custo de Reposição do Profissional Ausente | C106: % | D106: Valor (R$)
A107: A | B107: Férias e terço constitucional de férias | C107: 0 | D107: =C37*C107 -> 0
A108: B | B108: Ausência por doença | C108: 0 | D108: =C37*C108 -> 0
A109: C | B109: Licença paternidade | C109: 0 | D109: =C37*C109 -> 0
A110: D | B110: Ausências legais | C110: 0 | D110: =C37*C110 -> 0
A111: E | B111: Ausência por acidente de trabalho | C111: 0 | D111: =C37*C111 -> 0
A112: F | B112: Outros (especificar) | C112: 0 | D112: =C37*C112 -> 0
B113: Subtotal | C113: 0 | D113: =D107+D108+D109+D110+D111+D112 -> 0
A114: G | B114: Incidência do submódulo 4.1 sobre o Custo de Reposição | C114: 0 | D114: =C114*C37 -> 0
A115: Total: | C115: =C113+C114 -> 0 | D115: =D113+D114 -> 0
A118: MÓDULO 4: ENCARGOS SOCIAIS E TRABALHISTAS
A119: RESUMO TOTAL (QUADROS 4.1 + 4.2 + 4.3 + 4.4 + 4.5)
A120: 4 | B120: Módulo 4 - Encargos Sociais e Trabalhistas | C120: Valor (R$)
...

Sheet Uniformes
A1: MODELO DE PLANILHA DE CUSTOS DOS UNIFORMES PARA REALIZAÇÃO DO SERVIÇO APOIO SERVIÇOS GERAIS
A5: CATEGORIA PROFISSIONAL | B5: TIPO DE UNIFORME | C5: QUANTIDADE SEMESTRAL POR POSTO | D5: Quantidade Anual (N) | E5: Valor unitário (O) | F5: Valor Anual (P=NxO)
A6: Motorista / Recepcionista / Operador de Vídeo / Encarregado-Geral | B6: FEMININO
B7: Blusa branca de mangas compridas e/ou curtas, abotoamento frontal contendo a identificação da Contratada – 3 peças | C7: 4 | D7: 8 | E7: 0 | F7: =(D7*E7) -> 0
B8: Blazer na cor preta preta - 2 peças | C8: 4 | D8: 8 | E8: 0 | F8: =(D8*E8) -> 0
B9: Lenço (padronizado) para o pescoço – 2 peças | C9: 4 | D9: 8 | E9: 0 | F9: =(D9*E9) -> 0
B10: Saia, calça comprida ou vestido na cor preta – 2 peças | C10: 4 | D10: 8 | E10: 0 | F10: =(D10*E10) -> 0
B11: Sapato em couro, na cor preta – 2 peças | C11: 4 | D11: 8 | E11: 0 | F11: =(D11*E11) -> 0
B12: MASCULINO
B13: Camisa branca de mangas compridas e/ou curtas, abotoamento frontal contendo a identificação da Contratada – 3 peças | C13: 4 | D13: 8 | E13: 0 | F13: =(D13*E13) -> 0
B14: Blazer na cor preta – 2 peças | C14: 4 | D14: 8 | E14: 0 | F14: =(D14*E14) -> 0
B15: Calça comprida na cor preta – 2 peças | C15: 4 | D15: 8 | E15: 0 | F15: =(D15*E15) -> 0
B16: Sapato em couro, na cor preta – 2 pares | C16: 4 | D16: 8 | E16: 0 | F16: =(D16*E16) -> 0
B17: Gravata – 2 peças | C17: 4 | D17: 8 | E17: 0 | F17: =(D17*E17) -> 0
B18: Cinto em couro, na cor preta – 2 peças | C18: 4 | D18: 8 | E18: 0 | F18: =(D18*E18) -> 0
A19: TOTAL | F19: =SUM(F7:F18) -> 0
A20: Carregador | B20: Camiseta (padronizada, em malha de algodão, com mangas curtas e/ou compridas – 3 peças | C20: 4 | D20: 8 | F20: =(D20*E20) -> 0
B21: Casaco de frio – 2 peças | C21: 4 | D21: 8 | F21: =(D21*E21) -> 0
B22: Calça comprida (padronizada) na cor preta, em brim ou tipo jeans – 2 peças | C22: 4 | D22: 8 | F22: =(D22*E22) -> 0
B23: Cinto em couro, na cor preta – 2 peças | C23: 4 | D23: 8 | F23: =(D23*E23) -> 0
B24: Meia, na cor preta – 2 pares | C24: 4 | D24: 8 | F24: =(D24*E24) -> 0
B25: Sapato/bota/botina, em couro, com solado baixo, antiderrapante – 2 pares | C25: 4 | D25: 8 | F25: =(D25*E25) -> 0
B26: Jaleco comprido, na cor azul preta, com 2 bolsos em brim – 2 peças | C26: 4 | D26: 8 | F26: =(D26*E26) -> 0
B27: TOTAL | F27: =SUM(F20:F26) -> 0
A28: *A PLANILHA DE CUSTOS DOS UNIFORMES PARA REALIZAÇÃO DO SERVIÇO DE APOIO DE SERVIÇOS GERAIS (GRUPO 2) DEVERÁ SER APRESENTADA JUNTO COM A PLANILHA DE COMPOSIÇÃO DE CUSTOS E FORMAÇÃO DE PREÇOS DOS CARGOS DE CARREGADOR, MOTORISTA (VEICULOS LEVES), MOTORISTA (VEÍCULO PESADO), RECEPCIONISTA E ENCARREGADO-GERAL, PARA JUSTIFICAR O VALOR ATRIBUÍDO À ALÍNEA “A” (UNIFORMES) DO MÓDULO 3 (INSUMOS DIVERSOS).
B30: Valor Mensal Total (Q) | C30: Valor Mensal por Categoria Profissional (Q / nº de postos / 12 meses)
A31: VALOR ESTIMADO DA PLANILHA DE CUSTOS DOS UNIFORMES PARA REALIZAÇÃO DO SERVIÇO APOIO DE SERVIÇOS GERAIS (EXCETO CARREGADOR) | B31: =F19 -> 0 | C31: =(B31/16/12) -> 0
B33: Valor Mensal Total (Q) | C33: Valor Mensal por Categoria Profissional (Q / nº de postos / 12 meses)
A34: VALOR ESTIMADO DA PLANILHA DE CUSTOS DOS UNIFORMES PARA REALIZAÇÃO DO SERVIÇO DE CARREGADOR | B34: =F27 -> 0 | C34: =(B34/16/12) -> 0
